[Event "Titled Tuesday Blitz August 1 Early 2023"]
[White "Herman, Daniel"]
[Black "Sadykov, Ramil"]
[WhiteFideId "30935008"]
[BlackFideId "24113590"]
[WhiteElo "2448"]
[BlackElo "2558"]
[Result "0-1"]
[Round "10"]
[TimeControl "180+1"]
[Date "2023.08.01"]
[WhiteClock "0:00:01"]
[BlackClock "0:00:08"]
[Board "93"]

1. c4 Nf6 2. Nc3 d5 3. cxd5 Nxd5 4. Nf3 g6 5. g3 Bg7 6. Bg2 O-O 7. O-O Nc6 8. d4 Nb6 9. d5 Na5 10. e4 c6 11. Re1 cxd5 12. exd5 Bxc3 13. bxc3 Nxd5 14. Bh6 Re8 15. c4 Nf6 16. Qxd8 Rxd8 17. Rxe7 Be6 18. Ne5 Rac8 19. Bg5 Kg7 20. Re1 h6 21. Bf4 Ng8 22. Rxe6 fxe6 23. Bh3 Re8 24. Rd1 Nf6 25. Nf3 g5 26. Be5 Nxc4 27. Ba1 Rcd8 28. Rc1 b5 29. Bf1 Rc8 30. Rd1 Red8 31. Re1 Kf7 32. Ne5+ Nxe5 33. Bxe5 a6 34. Bh3 g4 35. Bg2 Rd2 36. Bb7 Rcc2 37. Rf1 Rxa2 38. Bf4 Rdc2 39. Bxh6 Nd5 40. Re1 Rxf2 0-1


[Site "https://www.chess.com"]

[Event "Titled Tuesday Blitz August 1 Early 2023"]
[White "Necromon"]
[Black "Mendez Fortes, Eduardo Jesus"]
[BlackFideId "3502376"]
[WhiteElo "2440"]
[BlackElo "2554"]
[Result "0-1"]
[Round "10"]
[TimeControl "180+1"]
[Date "2023.08.01"]
[WhiteClock "0:00:00"]
[BlackClock "0:00:11"]
[Board "94"]

1. Nf3 d5 2. b3 Nf6 3. Bb2 e6 4. g3 c5 5. d4 Nc6 6. Bg2 cxd4 7. Nxd4 Bb4+ 8. c3 Bd6 9. O-O O-O 10. Na3 Bd7 11. c4 Nxd4 12. Qxd4 e5 13. Qd2 d4 14. Bxb7 Rb8 15. Bg2 Bb4 16. Qd3 Re8 17. Nc2 Bc5 18. Ba3 Bb6 19. c5 Bc7 20. c6 Be6 21. Rac1 Nd5 22. Qd2 Nc3 23. Ne1 e4 24. Rxc3 dxc3 25. Qxc3 Qd5 26. Nc2 Be5 27. Qc5 Qxc5 28. Bxc5 Rb5 29. Bd4 Rc8 30. Bxe4 Bxd4 31. Nxd4 Rb4 32. e3 a5 33. Rc1 Kf8 34. Bxh7 Rxd4 35. exd4 g6 36. Rc5 Ke7 37. d5 Bg4 38. Rxa5 Bf3 39. Kf1 Kd6 40. Ke1 Rh8 41. Bxg6 fxg6 42. Ra6 Bxd5 43. c7+ Bc6 44. h4 Kxc7 45. b4 Re8+ 46. Kd2 Re4 47. a3 Re5 48. Kd3 Rf5 49. Ke3 Rf3+ 50. Ke2 Rf6 51. Ra5 Kb6 52. f4 Bb5+ 53. Ke3 Re6+ 54. Kf3 Be2+ 55. Kf2 Bd3 56. Rc5 Bb5 57. Kf3 Rd6 58. Kg4 Rd3 59. Re5 Bd7+ 60. Kg5 Rxg3+ 61. Kf6 Bf5 62. Rxf5 gxf5 63. Kxf5 Kc6 64. h5 Kd6 65. b5 Rxa3 66. Kf6 Ra8 67. h6 Rf8+ 68. Kg5 Ke7 69. Kg6 Rxf4 70. h7 Rg4+ 71. Kh5 Rg1 72. Kh6 Kf7 73. h8=N+ Kf6 74. Kh7 Rg7+ 75. Kh6 Rg5 0-1


[Site "https://www.chess.com"]

[Event "Titled Tuesday Blitz August 1 Early 2023"]
[White "Kirillov, Dmitry"]
[Black "Kashlinskaya, Alina"]
[WhiteFideId "34180572"]
[BlackFideId "4198026"]
[WhiteElo "2439"]
[BlackElo "2552"]
[Result "0-1"]
[Round "10"]
[TimeControl "180+1"]
[Date "2023.08.01"]
[WhiteClock "0:00:22"]
[BlackClock "0:01:11"]
[Board "95"]

1. d4 Nf6 2. Nf3 g6 3. Nbd2 Bg7 4. e4 d6 5. Bd3 O-O 6. O-O c5 7. dxc5 dxc5 8. h3 Nc6 9. Qe2 Nb4 10. Nc4 Nxd3 11. cxd3 b6 12. Rd1 Ba6 13. Bg5 h6 14. Be3 Nd7 15. d4 cxd4 16. Bxd4 e5 17. Bxe5 Bxc4 18. Qxc4 Bxe5 19. Qd5 Bxb2 20. Rab1 Nf6 21. Qb3 Qe7 22. Qxb2 Nxe4 23. Re1 Rad8 24. Ne5 Rd2 25. Qa1 Qc5 26. Re3 Nxf2 27. Rbe1 Rd1 28. Qb2 Rxe1+ 29. Rxe1 Nd3+ 0-1


[Site "https://www.chess.com"]

[Event "Titled Tuesday Blitz August 1 Early 2023"]
[White "Chor, Kevin"]
[Black "Swicarz, Maciej"]
[WhiteFideId "2090740"]
[BlackFideId "1113585"]
[WhiteElo "2531"]
[BlackElo "2424"]
[Result "0-1"]
[Round "10"]
[TimeControl "180+1"]
[Date "2023.08.01"]
[WhiteClock "0:00:01"]
[BlackClock "0:01:31"]
[Board "96"]

1. e4 c5 2. Nf3 d6 3. d4 cxd4 4. Nxd4 Nf6 5. Nc3 a6 6. Be2 e5 7. Nb3 Be7 8. O-O O-O 9. Be3 Qc7 10. a4 b6 11. f4 Bb7 12. Bd3 Nbd7 13. f5 Nc5 14. Qf3 d5 15. Nxc5 Bxc5 16. Nxd5 Bxd5 17. exd5 e4 18. Bxe4 Nxe4 19. Rae1 Rfe8 20. Kh1 Bxe3 21. Rxe3 Nf6 22. Rc3 Qd7 23. Rd3 Qxa4 24. d6 Rad8 25. b3 Qd7 26. g4 Ne4 27. Rfd1 Qc6 28. d7 Re7 29. Kg2 Qxc2+ 30. Kf1 Kf8 31. h3 Qc6 32. Rd6 Nd2+ 0-1


[Site "https://www.chess.com"]

[Event "Titled Tuesday Blitz August 1 Early 2023"]
[White "Bouget, Alexandre"]
[Black "Ismagilov, Damir"]
[WhiteFideId "681318"]
[BlackFideId "34199982"]
[WhiteElo "2422"]
[BlackElo "2528"]
[Result "0-1"]
[Round "10"]
[TimeControl "180+1"]
[Date "2023.08.01"]
[WhiteClock "0:00:14"]
[BlackClock "0:00:16"]
[Board "97"]

1. d4 Nf6 2. c4 e6 3. Nc3 Bb4 4. a3 Bxc3+ 5. bxc3 c5 6. f3 Nc6 7. e4 d6 8. Be3 b6 9. Bd3 O-O 10. Ne2 Ba6 11. Ng3 Na5 12. Qe2 Rc8 13. d5 Nd7 14. O-O Ne5 15. Rfe1 Nxd3 16. Qxd3 Bxc4 17. Qc2 exd5 18. exd5 Bxd5 19. Nf5 Be6 20. Rad1 Nc4 21. Bf4 Qf6 22. g4 Bxf5 23. gxf5 b5 24. a4 a6 25. axb5 axb5 26. Kh1 h6 27. Rg1 Kh8 28. Rg2 Rg8 29. Rdg1 Rce8 30. Rg3 Ne3 31. Qd2 Nxf5 32. Rh3 Re6 33. Bg5 Qe5 34. Qg2 Rg6 35. Qg4 Kh7 36. Qh5 Re8 37. Qg4 f6 38. Bxh6 Rxg4 39. Bf4+ Kg8 40. Bxe5 Rxg1+ 41. Kxg1 Rxe5 42. Rh5 b4 43. cxb4 cxb4 44. Rxf5 Rxf5 0-1


[Site "https://www.chess.com"]

[Event "Titled Tuesday Blitz August 1 Early 2023"]
[White "Ordekalog"]
[Black "Rodriguez Fontecha, Marcos"]
[BlackFideId "2256576"]
[WhiteElo "2522"]
[BlackElo "2404"]
[Result "1-0"]
[Round "10"]
[TimeControl "180+1"]
[Date "2023.08.01"]
[WhiteClock "0:00:07"]
[BlackClock "0:00:00"]
[Board "98"]

1. e4 e6 2. Bb5 a6 3. Ba4 b5 4. Bb3 Bb7 5. d3 d5 6. exd5 exd5 7. Nf3 Be7 8. d4 Nf6 9. O-O O-O 10. c3 Nbd7 11. Re1 Ne4 12. Nbd2 Bd6 13. Nf1 Kh8 14. Ng3 f5 15. a4 f4 16. Nf1 Ndf6 17. Ne5 Nd7 18. Qh5 Bxe5 19. dxe5 Ndc5 20. Bc2 Ne6 21. axb5 axb5 22. Rxa8 Bxa8 23. f3 g6 24. Qh6 N4c5 25. Bxg6 Qd7 26. b4 Nb7 27. Bxh7 Qg7 28. Qxe6 Kxh7 29. Qxd5 Rd8 30. Qxb5 Rg8 31. Qe2 Nd8 32. Bxf4 Ne6 33. Bg3 Ng5 34. Nd2 Rf8 35. e6 Qxc3 36. e7 Re8 37. Bf4 Nf7 38. Qe6 Kg7 39. Qg4+ Kh7 40. Qh4+ Kg7 41. Ne4 Bxe4 42. Rxe4 Qa1+ 43. Kf2 Qb2+ 44. Kg3 Qf6 45. Qxf6+ Kxf6 46. Bxc7 Ng5 47. Re2 Ne6 48. Bd6 Rg8+ 49. Kf2 1-0


[Site "https://www.chess.com"]

[Event "Titled Tuesday Blitz August 1 Early 2023"]
[White "Han, Yichen"]
[Black "NigelDwarf"]
[WhiteFideId "1054430"]
[WhiteElo "2403"]
[BlackElo "2517"]
[Result "1-0"]
[Round "10"]
[TimeControl "180+1"]
[Date "2023.08.01"]
[WhiteClock "0:00:30"]
[BlackClock "0:00:01"]
[Board "99"]

1. d4 Nf6 2. c4 a6 3. Nc3 c5 4. d5 b5 5. cxb5 axb5 6. Nxb5 Qa5+ 7. Nc3 Ne4 8. Qc2 Nxc3 9. Qxc3 Qxc3+ 10. bxc3 g6 11. e4 Bg7 12. Bd2 O-O 13. Nf3 d6 14. Bd3 Nd7 15. Ke2 Ra3 16. Rhb1 e6 17. Rb3 Ra4 18. dxe6 c4 19. Bxc4 Rxc4 20. exd7 Bxd7 21. Kd3 Rfc8 22. Nd4 Ba4 23. Rb6 d5 24. exd5 Bd7 25. Rc6 Bxc6 26. Kxc4 Ba8+ 27. Kd3 Bxd5 28. Be3 Bc4+ 29. Kd2 Bd5 30. a4 Bxg2 31. a5 Be5 32. a6 Bxh2 33. f3 Be5 34. a7 Bxd4 35. a8=Q Bxc3+ 36. Kd3 Bf1+ 37. Kc2 Ba6 1-0


[Site "https://www.chess.com"]

[Event "Titled Tuesday Blitz August 1 Early 2023"]
[White "Gombocz, Ferenc Jr."]
[Black "Shubenkova, Veronika"]
[WhiteFideId "775029"]
[BlackFideId "44124040"]
[WhiteElo "2402"]
[BlackElo "2514"]
[Result "1/2-1/2"]
[Round "10"]
[TimeControl "180+1"]
[Date "2023.08.01"]
[WhiteClock "0:00:17"]
[BlackClock "0:00:51"]
[Board "100"]

1. d4 d5 2. Nf3 e6 3. Bf4 Bd6 4. Bg3 f5 5. e3 Nf6 6. Nbd2 O-O 7. c4 c6 8. c5 Bc7 9. Bd3 Nbd7 10. O-O Ne4 11. Bxe4 fxe4 12. Ng5 Bxg3 13. Nxe6 Bxh2+ 14. Kxh2 Qh4+ 15. Kg1 Rf6 16. Nf4 Rh6 17. f3 g5 18. Nh3 Nf6 19. Qe1 Qh5 20. Qg3 Bxh3 21. Qxh3 Qxh3 22. gxh3 Rxh3 23. Kg2 Rh4 24. fxe4 Nxe4 25. Nxe4 Rxe4 26. Rf3 Rae8 27. Kf2 h5 28. Rh1 h4 29. Rf5 Rxe3 30. Rxg5+ Kf7 31. Rxh4 Re2+ 32. Kf1 Kf6 33. Rg3 Re1+ 34. Kf2 R8e2+ 35. Kf3 Re3+ 36. Kf2 R1e2+ 37. Kf1 Rxg3 38. Kxe2 Rg2+ 39. Kd3 Rxb2 40. Rh7 a5 41. Kc3 Rb5 42. Rh8 Rb4 43. Ra8 Rc4+ 44. Kd3 Ra4 45. Ra7 Ra3+ 46. Kc2 Rxa2+ 47. Kb3 Ra1 48. Kc3 Ra3+ 49. Kb2 Ra4 50. Kc3 Rc4+ 51. Kd3 Rb4 52. Rxa5 Kf5 53. Ra8 Rb3+ 54. Kc2 Rb5 55. Re8 Kf6 56. Kc3 Kf7 57. Re1 Kf8 58. Rf1+ Ke7 59. Re1+ Kd7 60. Rh1 Kc7 61. Rh7+ Kb8 62. Rh8+ Ka7 63. Rh1 Ra5 64. Kb4 Ra2 65. Kc3 Ra4 66. Rb1 Rc4+ 67. Kd3 Ra4 68. Kc3 b5 69. cxb6+ Kb7 70. Kd3 Ra6 71. Rg1 Kxb6 72. Rb1+ Kc7 73. Rb2 Ra3+ 74. Kd2 Rh3 75. Rb1 Kd6 76. Rc1 Ra3 77. Rc2 Ra5 78. Kd3 c5 79. dxc5+ Rxc5 80. Rxc5 Kxc5 81. Kc3 Kc6 82. Kd4 Kd6 83. Kd3 Ke5 84. Ke3 d4+ 85. Kd3 Kd5 86. Kd2 Kd6 87. Kd3 Kc5 88. Kd2 Kc4 89. Kc2 d3+ 90. Kd2 Kd4 91. Kd1 Ke3 92. Ke1 Ke4 93. Kd2 Kd4 94. Kd1 Kc3 95. Kc1 Kc4 96. Kd2 Kd4 1/2-1/2


[Site "https://www.chess.com"]

[Event "Titled Tuesday Blitz August 1 Early 2023"]
[White "Vyatkin, Dmitry"]
[Black "Vifleemskaia, Svetlana"]
[WhiteFideId "4171900"]
[BlackFideId "4129490"]
[WhiteElo "2510"]
[BlackElo "2353"]
[Result "1-0"]
[Round "10"]
[TimeControl "180+1"]
[Date "2023.08.01"]
[WhiteClock "0:01:20"]
[BlackClock "0:01:20"]
[Board "101"]

1. d4 Nf6 2. c4 e6 3. g3 Bb4+ 4. Bd2 Qe7 5. Bg2 Nc6 6. Nf3 O-O 7. O-O Bxd2 8. Qxd2 d6 9. Nc3 e5 10. d5 Nb8 11. e4 a5 12. Ne1 Na6 13. Nd3 Bd7 14. b3 c5 15. a3 b5 16. cxb5 Nc7 17. a4 Nh5 18. f4 f5 19. fxe5 dxe5 20. Rae1 f4 21. gxf4 Nxf4 22. Nxf4 exf4 23. d6 Qe5 24. dxc7 Qd4+ 25. Qxd4 cxd4 26. Nd5 Be6 27. b6 1-0


[Site "https://www.chess.com"]

[Event "Titled Tuesday Blitz August 1 Early 2023"]
[White "Khamdamova, Afruza"]
[Black "Atanasov, Radislav"]
[WhiteFideId "14210444"]
[BlackFideId "2901471"]
[WhiteElo "2497"]
[BlackElo "2280"]
[Result "0-1"]
[Round "10"]
[TimeControl "180+1"]
[Date "2023.08.01"]
[WhiteClock "0:00:00"]
[BlackClock "0:00:24"]
[Board "102"]

1. e4 e5 2. Nf3 Nc6 3. Bb5 a6 4. Ba4 Nf6 5. O-O Nxe4 6. d4 b5 7. Bb3 d5 8. dxe5 Be6 9. c3 Bc5 10. Nbd2 O-O 11. Qe2 Bf5 12. Bc2 Nxc3 13. bxc3 Bxc2 14. Nb3 Bxb3 15. axb3 Re8 16. Bf4 Bd6 17. c4 bxc4 18. bxc4 dxc4 19. Rfd1 Qe7 20. Qxc4 Nxe5 21. Bxe5 Bxe5 22. Qc6 Bxa1 23. Rxa1 Qe4 24. Qxc7 a5 25. h3 a4 26. Ng5 Qd5 27. Qf4 a3 28. Nf3 a2 29. Kh2 Reb8 30. Nd2 h6 31. Qe3 Rb2 32. Nf3 Rb1 33. Qc3 Rxa1 34. Qxa1 Qb5 35. Nd2 Qe2 36. Nb3 Qxf2 37. Qc1 Qb6 38. Na1 Qd6+ 0-1


[Site "https://www.chess.com"]

[Event "Titled Tuesday Blitz August 1 Early 2023"]
[White "Morefield, Jason"]
[Black "Daniel_Salinas"]
[WhiteFideId "30920825"]
[WhiteElo "2675"]
[BlackElo "2282"]
[Result "1-0"]
[Round "10"]
[TimeControl "180+1"]
[Date "2023.08.01"]
[WhiteClock "0:00:06"]
[BlackClock "0:00:08"]
[Board "103"]

1. a3 g6 2. h4 Bg7 3. h5 d5 4. d3 c5 5. g3 Nc6 6. Bg2 e5 7. Nc3 Be6 8. e4 d4 9. Nd5 Nce7 10. h6 Bf8 11. Bg5 Bxd5 12. exd5 f6 13. Bd2 Nxd5 14. Qf3 Nge7 15. c4 dxc3 16. bxc3 f5 17. c4 Nc7 18. Qxb7 Rb8 19. Qxa7 Ne6 20. Nf3 Nc6 21. Qa4 Qd7 22. O-O Bd6 23. Ng5 Ned4 24. Bd5 Ke7 25. Nf7 f4 26. Rae1 Rhf8 27. Nxd6 f3 28. Kh2 Qg4 29. Re4 Qd7 30. Nb5 Rf5 31. Rh4 Rh5 32. Rxh5 gxh5 33. Nxd4 Nxd4 34. Qxd7+ Kxd7 35. Be3 Nf5 36. Bxf3 h4 37. Bg4 Ke6 38. gxh4 Rg8 39. Bxf5+ Kxf5 40. Bxc5 Rg4 41. Kh3 e4 42. dxe4+ Rxe4 43. Be3 Rf4 44. Bxf4 Kxf4 45. c5 Ke5 46. Rd1 1-0


[Site "https://www.chess.com"]

[Event "Titled Tuesday Blitz August 1 Early 2023"]
[White "Fernandez Garcia, Gumersindo"]
[Black "Alamzhi21"]
[WhiteFideId "24516740"]
[WhiteElo "2423"]
[BlackElo "2649"]
[Result "0-1"]
[Round "10"]
[TimeControl "180+1"]
[Date "2023.08.01"]
[WhiteClock "0:00:03"]
[BlackClock "0:00:31"]
[Board "104"]

1. d4 Nf6 2. c4 c5 3. d5 e6 4. Nc3 exd5 5. cxd5 d6 6. e4 g6 7. f4 Bg7 8. Bb5+ Nfd7 9. Bd3 O-O 10. Nf3 Nf6 11. O-O Bg4 12. a4 Nbd7 13. h3 Bxf3 14. Qxf3 a6 15. Kh1 Re8 16. Bd2 Qc7 17. b3 Rab8 18. Rae1 c4 19. bxc4 Nc5 20. Bc2 Nfd7 21. f5 Ne5 22. Qg3 Nxc4 23. Bf4 Be5 24. Bxe5 Nxe5 25. f6 h6 26. Qh4 Kh7 27. Ne2 Ncd7 28. Bd1 b5 29. axb5 axb5 30. Nd4 b4 31. Rf5 Rh8 32. Rff1 Qc3 33. Ne6 Kg8 34. Qf2 b3 35. Re3 Qc4 36. Be2 Qc2 37. Nd4 Qc7 38. Rxb3 Rxb3 39. Nxb3 Kh7 40. Nd4 Rb8 41. Ne6 Qc2 42. Qh4 Qxe2 43. Ng5+ Kg8 44. Qxh6 Qxf1+ 45. Kh2 Qf4+ 0-1


[Site "https://www.chess.com"]

[Event "Titled Tuesday Blitz August 1 Early 2023"]
[White "Tsyhanchuk, Stanislav"]
[Black "Bilan, Danila"]
[WhiteFideId "13505130"]
[BlackFideId "24161918"]
[WhiteElo "2420"]
[BlackElo "2558"]
[Result "1-0"]
[Round "10"]
[TimeControl "180+1"]
[Date "2023.08.01"]
[WhiteClock "0:00:16"]
[BlackClock "0:00:07"]
[Board "105"]

1. c4 c6 2. Nc3 d5 3. e3 Nf6 4. Nf3 e6 5. d4 Nbd7 6. Bd3 dxc4 7. Bxc4 b5 8. Bd3 b4 9. Ne4 Nxe4 10. Bxe4 Bb7 11. O-O Bd6 12. Qa4 Qb6 13. Bd2 O-O 14. Rac1 Rac8 15. h4 Nf6 16. Bb1 c5 17. dxc5 Bxc5 18. Nd4 Ne4 19. Be1 e5 20. Nf3 f6 21. Nd2 Nd6 22. Nb3 Ne4 23. Nxc5 Nxc5 24. Qd1 Ba6 25. Qh5 e4 26. Bxb4 Qxb4 27. Rfd1 Bd3 28. Qf5 g6 29. Qd5+ Kg7 30. Bxd3 exd3 31. a3 Qb6 32. b4 Rfd8 33. bxc5 Rxd5 34. cxb6 Rxc1 35. Rxc1 axb6 36. Kf1 Kf7 37. Rd1 Ke6 38. Ke1 Ke5 39. Kd2 f5 40. Rc1 Ra5 41. Rc3 h6 42. Kxd3 Rd5+ 43. Ke2 g5 44. hxg5 hxg5 45. Rc4 Ra5 46. a4 Kd5 47. Rb4 Kc5 48. Rd4 b5 49. axb5 Rxb5 50. g4 fxg4 51. Rxg4 Kd6 52. Kf3 Ke6 53. Ke4 Rb4+ 54. Kf3 Rb5 55. Re4+ Kf5 56. Rd4 Rc5 57. e4+ Ke5 58. Rd3 Kf6 59. Kg4 Rc4 60. f3 Rc6 61. Rd5 Re6 62. Rf5+ Kg6 63. Rxg5+ Kf7 64. Kf4 Ra6 65. Kf5 Ra3 66. f4 Ra5+ 67. e5 Ra6 68. Rh5 Kg7 69. Rh1 Ra5 70. Rb1 Kf7 71. Rb7+ Kf8 72. Kf6 Ra7 73. Rb8# 1-0


[Site "https://www.chess.com"]

[Event "Titled Tuesday Blitz August 1 Early 2023"]
[White "Ambartsumova, Karina"]
[Black "FREDERICKtheMATE"]
[WhiteFideId "4166299"]
[WhiteElo "2554"]
[BlackElo "2421"]
[Result "1-0"]
[Round "10"]
[TimeControl "180+1"]
[Date "2023.08.01"]
[WhiteClock "0:00:01"]
[BlackClock "0:00:00"]
[Board "106"]

1. c4 c5 2. Nf3 g6 3. d4 cxd4 4. Nxd4 Bg7 5. e4 Nc6 6. Nc2 Nf6 7. Nc3 O-O 8. Be2 b6 9. O-O Bb7 10. Bg5 Rc8 11. Rc1 Ne5 12. Bxf6 Bxf6 13. Ne3 d6 14. f4 Nc6 15. e5 dxe5 16. Ncd5 exf4 17. Nxf6+ exf6 18. Nd5 Ne5 19. Rxf4 Bxd5 20. Rd4 Qe7 21. Rxd5 Rfd8 22. Bf1 a5 23. h3 Rxd5 24. Qxd5 Rd8 25. Qe4 Qc5+ 26. Kh1 Rd2 27. Qf4 Rxb2 28. Qxf6 Rf2 29. Qd8+ Kg7 30. Rd1 Nxc4 31. Bxc4 Qxc4 32. Qxb6 Rxa2 33. Qa7 Qe4 34. Rg1 a4 35. Qc5 Rc2 36. Qa3 Qd4 37. Ra1 Rc4 38. Rf1 Rc3 39. Qe7 Qc4 40. Qf6+ Kh6 41. Rf4 Rc1+ 42. Kh2 Qc7 43. g3 Rc2+ 44. Kg1 Qc5+ 45. Kf1 Rc1+ 46. Kg2 Qg1+ 47. Kf3 Rf1+ 48. Kg4 Rxf4+ 49. Qxf4+ Kg7 50. Qxa4 h5+ 51. Kh4 Qc1 52. Qd4+ Kh7 53. Qf6 Qc4+ 54. g4 hxg4 55. hxg4 Qc7 56. Kg5 1-0


[Site "https://www.chess.com"]

[Event "Titled Tuesday Blitz August 1 Early 2023"]
[White "Al Mukhaini, Shima"]
[Black "Dinosaurio_1975"]
[WhiteFideId "22005854"]
[WhiteElo "2417"]
[BlackElo "2543"]
[Result "1/2-1/2"]
[Round "10"]
[TimeControl "180+1"]
[Date "2023.08.01"]
[WhiteClock "0:00:49"]
[BlackClock "0:00:09"]
[Board "107"]

1. Nf3 d5 2. b3 e6 3. Bb2 Nf6 4. d3 Be7 5. Nbd2 O-O 6. e4 b6 7. e5 Nfd7 8. d4 c5 9. c3 Ba6 10. Bxa6 Nxa6 11. Qe2 Qc8 12. O-O cxd4 13. cxd4 Nb4 14. a3 Nc6 15. Rfc1 Qb7 16. b4 Rfc8 17. Nb3 b5 18. Nc5 Nxc5 19. dxc5 a5 20. Bc3 axb4 21. axb4 h6 22. Nd4 Bg5 23. Rcb1 Nxd4 24. Bxd4 Be7 25. h3 Ra6 26. Rxa6 Qxa6 27. Ra1 Qc6 28. Ra5 Rb8 29. Qa2 f6 30. Ra6 Qd7 31. Ra8 Qc7 32. Rxb8+ Qxb8 33. f4 fxe5 34. Bxe5 Qc8 35. Qa7 Bf6 36. Bxf6 gxf6 37. Qb6 d4 38. Qxb5 Qa8 39. c6 Qa1+ 40. Kh2 Qc1 41. Qb8+ Kg7 42. Qd6 e5 43. Qd7+ Kf8 44. Qf5 Qxc6 45. fxe5 Ke7 46. Qh7+ Ke6 47. exf6 Qd6+ 48. Kh1 Qxb4 49. Qxh6 Qe1+ 50. Kh2 Qe5+ 51. Kg1 Qe1+ 52. Kh2 Qe5+ 53. g3 Qe2+ 54. Kg1 Qe1+ 55. Kg2 Qe2+ 56. Kg1 Qe1+ 57. Kg2 Qe2+ 58. Kg1 1/2-1/2


[Site "https://www.chess.com"]

[Event "Titled Tuesday Blitz August 1 Early 2023"]
[White "FuenfgegenWilly"]
[Black "Sreyas Payyappat"]
[BlackFideId "46674969"]
[WhiteElo "2411"]
[BlackElo "2515"]
[Result "0-1"]
[Round "10"]
[TimeControl "180+1"]
[Date "2023.08.01"]
[WhiteClock "0:00:04"]
[BlackClock "0:00:15"]
[Board "108"]

1. e4 c6 2. Nc3 d5 3. d4 dxe4 4. Nxe4 Nf6 5. Nxf6+ exf6 6. Bd3 Bd6 7. Ne2 O-O 8. c3 Re8 9. Qc2 h5 10. O-O h4 11. h3 Nd7 12. Bd2 Nf8 13. Rfe1 Be6 14. Nf4 Bc7 15. Re2 Qd6 16. g3 hxg3 17. fxg3 Bxh3 18. Rh2 Be6 19. Bh7+ Nxh7 20. Qxh7+ Kf8 21. Qh8+ Ke7 22. Qxg7 Rg8 23. Qh6 Rxg3+ 24. Kf2 Rag8 25. Re1 c5 26. d5 c4 27. Be3 Rxe3 28. Rxe3 Qxf4+ 29. Qxf4 Bxf4 30. Rhh3 Bxe3+ 31. Rxe3 f5 32. a4 Kd6 33. dxe6 fxe6 34. Rh3 Rg7 35. Rh4 Kc5 36. Rh6 Kd5 37. Kf3 a6 38. Rh4 b5 39. Rd4+ Ke5 40. Rd8 bxa4 41. Ra8 a3 42. bxa3 Rd7 43. Rxa6 Rd3+ 44. Ke2 Rxc3 45. a4 f4 46. Ra8 Ke4 47. a5 Ra3 48. a6 f3+ 49. Kd1 Ra2 50. Re8 f2 51. Rf8 Ke3 52. Rf6 e5 53. Rf5 e4 54. a7 Rxa7 55. Kc2 Ke2 56. Kc3 f1=Q 57. Kd4 Qxf5 58. Kc3 Qd5 59. Kb4 Rb7+ 60. Kc3 Qd3# 0-1


[Site "https://www.chess.com"]

[Event "Titled Tuesday Blitz August 1 Early 2023"]
[White "Malka, Samuel"]
[Black "Castella Garcia, Fausto"]
[WhiteFideId "20643675"]
[BlackFideId "3501922"]
[WhiteElo "2497"]
[BlackElo "2410"]
[Result "1-0"]
[Round "10"]
[TimeControl "180+1"]
[Date "2023.08.01"]
[WhiteClock "0:00:13"]
[BlackClock "0:00:05"]
[Board "109"]

1. d4 Nf6 2. c4 e5 3. dxe5 Ng4 4. e3 Nxe5 5. f4 Nec6 6. Nf3 Bc5 7. Bd3 d6 8. Nc3 Nd7 9. O-O Nf6 10. h3 a5 11. Kh2 h5 12. Ng5 Qe7 13. a3 Bd7 14. Nd5 Nxd5 15. cxd5 Nd8 16. Qf3 f5 17. Bd2 Nf7 18. Ne6 Bxe6 19. dxe6 Qxe6 20. Qxb7 O-O 21. Qf3 d5 22. Rfe1 g6 23. Bc3 Bd6 24. Rad1 c6 25. Qg3 Kh7 26. Qf3 Bc7 27. Bb1 Nd6 28. Be5 Ra7 29. Rc1 Ne4 30. Bxc7 Rxc7 31. Bxe4 fxe4 32. Qg3 Rf5 33. Red1 Rg7 34. h4 Rc7 35. Rc5 a4 36. Rdc1 Qd6 37. Qf2 Rf8 38. Qd2 Rb8 39. g3 Rb3 40. R1c3 Qe6 41. Rxb3 axb3 42. Qc3 Qg4 43. Qd2 Qxf4 44. exf4 1-0


[Site "https://www.chess.com"]

[Event "Titled Tuesday Blitz August 1 Early 2023"]
[White "Rodchenkov, Sergey D."]
[Black "Dishman, Stephen"]
[WhiteFideId "4168712"]
[BlackFideId "403024"]
[WhiteElo "2495"]
[BlackElo "2407"]
[Result "1-0"]
[Round "10"]
[TimeControl "180+1"]
[Date "2023.08.01"]
[WhiteClock "0:00:44"]
[BlackClock "0:01:06"]
[Board "110"]

1. e4 d6 2. d4 Nf6 3. Nc3 e5 4. Nf3 Nbd7 5. Bc4 Be7 6. a4 O-O 7. O-O c6 8. h3 exd4 9. Nxd4 Ne5 10. Ba2 Bd7 11. f4 Ng6 12. Be3 Re8 13. f5 Ne5 14. Qd2 Bf8 15. g4 d5 16. Bg5 Bc5 17. Kh1 Qb6 18. Bxf6 gxf6 19. Rad1 dxe4 20. Nxe4 Be7 21. g5 Kh8 22. gxf6 Bc5 23. Rg1 Rg8 24. Qh6 Bxd4 25. Qg7+ Rxg7 26. fxg7+ Kg8 27. Nf6# 1-0


[Site "https://www.chess.com"]

[Event "Titled Tuesday Blitz August 1 Early 2023"]
[White "Liu, Casper"]
[Black "Ladan, Nicholas"]
[WhiteFideId "1454153"]
[BlackFideId "30918855"]
[WhiteElo "2490"]
[BlackElo "2406"]
[Result "0-1"]
[Round "10"]
[TimeControl "180+1"]
[Date "2023.08.01"]
[WhiteClock "0:00:18"]
[BlackClock "0:00:06"]
[Board "111"]

1. e4 e5 2. d4 exd4 3. Qxd4 Nc6 4. Qe3 Nge7 5. Nc3 Ng6 6. Bd2 Be7 7. O-O-O h6 8. Bc4 Bg5 9. Qg3 Bxd2+ 10. Rxd2 Qg5 11. Qxg5 hxg5 12. Nd5 Kd8 13. Bb3 Nce7 14. Nf3 f6 15. Ne3 d6 16. c4 Ke8 17. Rhd1 Be6 18. Nd4 Bf7 19. Nb5 Rc8 20. Nxa7 Ra8 21. Nb5 Rc8 22. Na7 Ra8 23. Nb5 Rc8 24. c5 Bxb3 25. axb3 dxc5 26. Rd7 Ne5 27. Rxc7 Rxc7 28. Nxc7+ Kf7 29. h3 N7g6 30. Nc4 Nxc4 31. Rd7+ Kg8 32. Ne6 Rh7 33. bxc4 Ne5 34. Rxb7 Nxc4 35. Nxc5 g4 36. hxg4 Rh2 37. Ne6 Rxg2 38. b3 Ne5 39. b4 Rxf2 40. Rxg7+ Kh8 41. b5 Nd3+ 42. Kd1 Nb2+ 43. Ke1 Nd3+ 44. Kd1 Nb2+ 45. Kc1 Nd3+ 46. Kb1 Rb2+ 47. Ka1 Rxb5 48. Rf7 Ne5 49. Rxf6 Nxg4 50. Rf4 Ne3 51. Ka2 Nd1 52. Ka3 Nc3 53. Rf1 Nb1+ 54. Ka2 Nc3+ 55. Ka1 Nxe4 56. Nd4 Rb4 57. Nc2 Ra4+ 58. Kb1 Nd2+ 59. Kb2 Nxf1 60. Kb3 Rh4 61. Nb4 Ng3 62. Nd5 Kh7 63. Nc3 Kh6 64. Nb5 Kg5 65. Na3 Nf5 66. Nc4 Nd4+ 67. Kb4 Ne2 68. Kc5 Kf6 69. Nb6 Rh5+ 70. Kc4 Nf4 71. Na4 Ke6 72. Kc3 Nd5+ 73. Kd4 Rh4+ 74. Kc5 Rxa4 75. Kc6 Rh4 76. Kb5 Ne7 77. Kc5 Rg4 78. Kb5 Kd6 79. Kb6 Rb4+ 80. Ka7 Kc6 81. Ka6 Ra4# 0-1


[Site "https://www.chess.com"]

[Event "Titled Tuesday Blitz August 1 Early 2023"]
[White "Ljukin, Sergei"]
[Black "Bueno, Alfeu Junior Varela"]
[WhiteFideId "14102200"]
[BlackFideId "2108879"]
[WhiteElo "2488"]
[BlackElo "2395"]
[Result "1-0"]
[Round "10"]
[TimeControl "180+1"]
[Date "2023.08.01"]
[WhiteClock "0:00:06"]
[BlackClock "0:00:00"]
[Board "112"]

1. e4 e6 2. d4 d5 3. Nc3 Nf6 4. Bg5 Be7 5. e5 Nfd7 6. h4 O-O 7. Bd3 c5 8. f4 cxd4 9. Nce2 Nc6 10. Bxe7 Qxe7 11. Nf3 f6 12. exf6 Qxf6 13. O-O e5 14. fxe5 Ndxe5 15. Nexd4 Bg4 16. Nxe5 Qxe5 17. Qxg4 Qe3+ 18. Kh2 Qxd4 19. Qxd4 Nxd4 20. Rxf8+ Rxf8 21. Re1 Nc6 22. Kg3 g6 23. Re6 Rd8 24. h5 gxh5 25. Rh6 Rd7 26. Rxh5 Nb4 27. Bf5 Rg7+ 28. Kf3 Nxa2 29. Be6+ Kf8 30. Bxd5 Nb4 31. Be4 Kg8 32. c3 Na6 33. Rd5 b6 34. Rd8+ Kf7 35. Rd7+ Kf6 36. Rd5 Nc5 37. Bc2 Re7 38. Rd6+ Kg7 39. Rd5 Ne6 40. Kf2 Kf6 41. Rd6 Ke5 42. Rd3 Nf4 43. Re3+ Kf6 44. Rxe7 Kxe7 45. Bxh7 Nd5 46. Ke2 Nf6 47. Bd3 Kd6 48. Kf3 Ke5 49. g4 Ne8 50. g5 Nd6 51. g6 Ne8 52. Ke3 Nf6 53. Bc2 Nd5+ 54. Kd2 Ne7 55. Kd3 Nxg6 56. Kc4 Ne7 57. Kb5 Kd6 58. Ka6 Nc6 59. Kb7 Kc5 60. Be4 Na5+ 61. Kxa7 Nc4 62. b4+ Kd6 63. Bd3 Nb2 64. Be2 b5 65. Bxb5 Nd1 66. c4 Ne3 67. c5+ Kc7 68. Bd3 Nd5 69. b5 Nb4 70. b6+ Kc6 71. Be4+ Kxc5 72. b7 Nd5 73. Bxd5 1-0


[Site "https://www.chess.com"]